 Dungeon Crawl Stone Soup version 0.20.1-1-g8b1a95d (webtiles) character file.

126 Jazzcat the Changer (level 4, -6/19 HPs)
             Began as a Felid Transmuter on July 4, 2017.
             Mangled by a worm (8 damage)
             ... in a sewer.
             The game lasted 00:08:03 (2542 turns).

Jazzcat the Changer (Felid Transmuter)              Turns: 2542, Time: 00:08:04

Health: -6/19      AC:  5    Str:  6    XL:     4   Next: 83%
Magic:  5/9        EV: 23    Int: 15    God:
Gold:   38         SH:  0    Dex: 22    Spells: 1/9 levels left
                                        Lives:  0   Deaths: 1

rFire    . . .     SeeInvis +     - Unarmed
rCold    . . .     Gourm    .   (shield unavailable)
rNeg     . . .     Faith    .   (armour unavailable)
rPois    x         Spirit   .   (helmet unavailable)
rElec    .         Reflect  .   (cloak unavailable)
rCorr    .         Harm     .   (gloves unavailable)
MR       .....                  (boots unavailable)
Stlth    ++........             (no amulet)
Regen    0.1/turn               d - +3 ring of protection
MPRegen  0.2/turn               (no ring)

@: spider-form, very slow
A: no armour, no weapons or thrown items, stealth, see invisible, carnivore 3,
slow metabolism 1
a: End Transformation


You were in a sewer.
You were very full.
You were a venomous arachnid creature.
You visited 1 branch of the dungeon, and saw 3 of its levels.
You also visited: Sewer.

You collected 38 gold pieces.

Inventory:

Hand Weapons
 k - a +2 spear of piercing
Missiles
 a - 26 arrows
Armour
 l - a +0 animal skin
 m - a +0 helmet
Jewellery
 d - a +3 ring of protection (left front leg)
Scrolls
 e - 2 scrolls of amnesia {unknown}
 f - 2 scrolls of identify {unknown}
 i - 2 scrolls of enchant armour
 n - a scroll of magic mapping {unknown}
 o - a scroll of fear {unknown}
Potions
 g - a potion of magic {unknown}
 h - 2 potions of curing {unknown}
 j - 3 potions of haste {unknown}
 p - 2 potions of flight {unknown}
 q - a potion of heal wounds
 r - a potion of might {unknown}
Books
 b - a book of Changes

   Spells                             Type                      Level
   a - Beastly Appendage              Transmutation                1
   b - Sticks to Snakes               Transmutation                2
   c - Spider Form                    Transmutation/Poison         3
   d - Ice Form                       Ice/Transmutation            4
   e - Blade Hands                    Transmutation                5
Comestibles
 c - a meat ration


   Skills:
 - Level 1.0 Fighting
 - Level 3.9 Dodging
 - Level 2.7 Stealth
 - Level 3.0 Unarmed Combat
 + Level 3.0 Spellcasting
 + Level 4.1 Transmutations
 + Level 1.6 Poison Magic


You had one spell level left.
You knew the following spells:

 Your Spells              Type           Power        Failure   Level  Hunger
a - Beastly Appendage     Tmut           ##....       12%         1    #......
b - Spider Form           Tmut/Pois      ##........   38%         3    ###....
c - Ice Form              Ice/Tmut       #.......     83%         4    #####..


Dungeon Overview and Level Annotations

Branches:
Dungeon (3/15)

Altars:


Innate Abilities, Weirdness & Mutations

You cannot wear armour.
You are incapable of wielding weapons or throwing items.
Your paws allow you to move quietly. (Stealth)
((You have sharp claws.))
((You have razor-sharp teeth.))
You have supernaturally acute eyesight. (SInv)
You are carnivorous and can eat meat at any time.
((You cover ground quickly.))
((You are covered in fur. (AC +1)))
You have a slow metabolism.
((Your sharp claws are effective at attacking unaware monsters.))


Message History

You scratch the worm.
The worm is moderately wounded.
The worm bites you.
You barely miss the worm. Your headbutt misses the worm.
The worm is moderately wounded.
The worm splashes around in the water.
Your unstable footing causes you to fumble your attack.
You scratch the worm.
The worm is moderately wounded.
The worm bites you!
Ouch! That really hurt!
* * * LOW HITPOINT WARNING * * *
Casting: Beastly Appendage
Confirm with . or Enter, or press ? or * to list all spells.
Your horns disappear.
You turn into a venomous arachnid creature.
Unknown command.
Your unstable footing causes you to fumble your attack.
The worm bites you!
You die...

##### ##### ##..≈## ##...##
#≈...≈#####.....##
#.....≈≈≈≈≈...≈≈. #≈≈≈..#
..≈.. ##≈≈.## ..≈ ##(## #w#
#†# #s# #≈# #≈# ##≈## ##≈##
##### # ##.≈.## ##≈≈.##
##≈..##
####.∩.≈.#####...≈.####..≈.≈#
≈≈≈≈≈.∩≈≈≈≈≈≈≈≈....≈≈≈≈.....#
####....≈#####≈≈..≈####...≈≈#
# ##≈≈.## ##≈≈.## ##.≈.##
##≈## ##≈## ##≈##


You could see a worm.

Vanquished Creatures
  Robin (D:2)
  11 adders
  4 oozes
  2 worms
  A dart slug (D:2)
  A leopard gecko (D:1)
  4 ball pythons (Sewer)
  4 giant cockroaches
  12 goblins
  13 hobgoblins
  3 jackals (D:2)
  5 bats
  4 frilled lizards
  14 kobolds
  5 rats
84 creatures vanquished.

Notes
Turn   | Place    | Note
-------+----------+-------------------------------------------
     0 | D:1      | Jazzcat the Felid Transmuter began the quest for the Orb.
     0 | D:1      | Reached XP level 1. HP: 9/9 MP: 4/4
   233 | D:1      | Reached skill level 1 in Stealth
   235 | D:1      | Reached XP level 2. HP: 12/12 MP: 4/6
   938 | D:2      | Reached XP level 3. HP: 12/15 MP: 7/7
   976 | D:2      | Learned a level 3 spell: Spider Form
  1217 | D:2      | Reached skill level 3 in Transmutations
  1325 | D:2      | Reached XP level 4. HP: 16/19 MP: 5/8
  1875 | D:2      | Noticed Robin
  1897 | D:2      | Killed Robin
  2062 | D:2      | Reached XP level 5. HP: 22/22 MP: 10/10
  2068 | D:2      | Learned a level 4 spell: Ice Form
  2213 | D:3      | Found a glowing drain.
  2234 | D:3      | Reached skill level 1 in Poison Magic
  2244 | D:3      | HP: 1/22 [poisoned by an adder]
  2246 | D:3      | Succumbed to an adder's poison
  2247 | D:3      | Reached XP level 4. HP: 0/19 MP: 8/9
  2262 | Sewer    | Entered a sewer
  2310 | Sewer    | Reached skill level 4 in Transmutations
  2542 | Sewer    | Mangled by a worm

Skill      XL: |  1  2  3  4  5 |
---------------+----------------+-----
Dodging        | 3 |  3.9
Stealth        | 1 2 |  2.7
Transmutations | 3 4 |  4.1
Poison Magic   | 1 |  1.6
Spellcasting   | 3 |  3.0
Fighting       | |  1.0
Unarmed Combat | |  3.0

Action                   |  1- 3 |  4- 6 || total
-------------------------+-------+-------++-------
Melee: Unarmed           |    98 |   189 ||   287
       Bite              |     5 |    12 ||    17
       Headbutt          |     4 |    10 ||    14
       Punch             |     1 |     5 ||     6
 Cast: Beastly Appendage |    14 |    14 ||    28
       Spider Form       |     3 |     5 ||     8
  Use: Potion            |       |     2 ||     2
       Scroll            |       |     1 ||     1
 Stab: Sleeping          |     8 |     2 ||    10
  Eat: Chunk             |     9 |     8 ||    17
Armor: Skin              |     7 |    40 ||    47
Dodge: Dodged            |    75 |   176 ||   251
